 Dungeon Sprint DCSS version 0.31-a0-986-g5e6e4ef867 (webtiles) character file.

Game seed: 17563347919751704232

27500000 Monkooky the Wishgranter (level 27, -32/228 HPs)
             Began as a Djinni Warper on Nov 23, 2023.
             Was the Champion of Makhleb.
             Annihilated by a destroyer
             ... wielding a +9 heavy great sword
              (170 damage)
             ... in the Dungeon (Sprint VIII: "Arena of Blood").
             The game lasted 00:09:51 (275 turns).

Monkooky the Wishgranter (Djinni Warper)             Turns: 275, Time: 00:09:51

Health: -32/228    AC:  6    Str: 10    XL:     27
Gold:   0          EV: 26    Int: 27    God:    Makhleb [******] SH:  0 Dex: 15

rFire   + + +        i - +∞ Axe of Woe
rCold   x . .        (shield currently unavailable)
rNeg    . . .        b - +0 leather armour
rPois   ∞            (no helmet)
rElec   .            (no cloak)
rCorr   .            (no gloves)
SInv    +            (boots unavailable)
Will    ++...        (no amulet)
Stlth   +++          j - ring of see invisible
HPRegen 0.58/turn    k - ring of protection from fire
MPRegen 0.00/turn

%: no teleportation, infuse magic (-33 HP)
@: confused, flying, slowed, very slow
A: sickness immunity, fire resistance 2, cold vulnerability 1, float, innate
caster, HP casting, extra vitality 1
a: Renounce Religion, Minor Destruction, Lesser Servant of Makhleb, Major
Destruction, Greater Servant of Makhleb


You were in the Dungeon.
You worshipped Makhleb.
Makhleb was exalted by your worship.
You visited 1 branch

Inventory:

Hand Weapons
 a - a +0 hand axe
 i - the +∞ Axe of Woe (weapon)
   (You found it in the Dungeon)
Missiles
 d - 7 darts of dispersal
Armour
 b - a +0 leather armour (worn)
Jewellery
 j - a ring of see invisible (left hand)
 k - a ring of protection from fire (right hand)
 l - a +250 ring of slaying
Scrolls
 c - 2 scrolls of blinking
Potions
 f - a potion of heal wounds
 g - a potion of haste
 h - a potion of berserk rage


   Skills:
 O Level 27 Fighting
 O Level 27 Short Blades
 O Level 27 Long Blades
 O Level 27 Axes
 O Level 27 Maces & Flails
 O Level 27 Polearms
 O Level 27 Staves
 O Level 27 Ranged Weapons
 O Level 27 Throwing
 O Level 27 Armour
 O Level 27 Dodging
 O Level 27 Stealth
 O Level 27 Shields
 O Level 27 Unarmed Combat
 O Level 27 Spellcasting
 O Level 27 Conjurations
 O Level 27 Hexes
 O Level 27 Summonings
 O Level 27 Necromancy
 O Level 27 Translocations
 O Level 27 Transmutations
 O Level 27 Fire Magic
 O Level 27 Ice Magic
 O Level 27 Air Magic
 O Level 27 Earth Magic
 O Level 27 Poison Magic
 O Level 27 Invocations
 O Level 27 Evocations
 O Level 27 Shapeshifting


You knew the following spells:

 Your Spells              Type           Power      Damage    Failure   Level
a - Blink                 Tloc           100%       N/A       0%          2
b - Lesser Beckoning      Tloc           100%       N/A       0%          2
c - Teleport Other        Tloc           100%       N/A       0%          3
d - Manifold Assault      Tloc           100%       N/A       0%          4
e - Vhi's Electric Charg  Tloc/Air       100%       N/A       0%          4
f - Sting                 Tmut/Pois      100%       1d8       0%          1
g - Passwall              Tmut/Erth      91%        N/A       0%          2
h - Frozen Ramparts       Ice            100%       1d16      0%          3
i - Flame Wave            Conj/Fire      100%       2d21      0%          4
j - Alistair's Intoxicat  Tmut/Pois      73%        N/A       0%          5
k - Agony                 Necr           100%       N/A       0%          5
l - Dispersal             Tloc           55%        N/A       0%          6
m - Haunt                 Necr/Summ      55%        N/A       0%          7
n - Summon Cactus Giant   Summ           55%        N/A       0%          6
o - Borgnjor's Revivific  Necr           55%        N/A       1%          8
p - Malign Gateway        Summ/Tloc      55%        N/A       0%          7
q - Death's Door          Necr           55%        N/A       1%          9
r - Chain Lightning       Conj/Air       55%        3d73      1%          9
Your spell library was empty.

Dungeon Overview and Level Annotations

Branches:
Dungeon (1/1)

Altars:
Makhleb


Innate Abilities, Weirdness & Mutations

You are immune to sickness and miasma.
You are immune to poison.
Your flesh is very heat resistant. (rF++)
You are vulnerable to cold. (rC-)
You float through the air rather than walking.
You learn spells naturally, not from books.
Your magical power is your life essence.
You have superior vitality. (+4 MHP)


Message History

You dissect the vile like a pig carcass.
You destroy the vile!
Makhleb accepts your kill.
A vile comes into view. It is wielding a +0 flail.
You are confused.
A bag of meat comes into view. It is wielding a +9 war axe. x2
A sculptor of flesh comes into view. It is wielding a +9 great sword.
You're too confused to cast spells.
You're too confused to cast spells.
Unknown command.
You feel better.
The vile appears out of thin air!
A vile comes into view. It is wielding a +0 mace.
The observer pulsates ominously.
The vile throws damnation at you.
The sphere of damnation explodes!
The damnation engulfs you!!
A destroyer comes into view. It is wielding a +9 heavy great sword.
A vile comes into view. It is wielding a +0 flail.
The vile throws damnation at you.
The sphere of damnation explodes!
The damnation engulfs you!!
An observer comes into view.
A dread comes into view.
The observer pulsates ominously.
A wretched soul comes into view.
You are confused.
The destroyer gestures at you while chanting.
The destroyer blinks!
The observer turns its gaze towards you.
You hear a shout!
You hear an angry hiss.
You hear a shout!
Unknown command.
You're too confused to attack without stumbling around!
A vile and a bag of meat come into view.
The vile appears out of thin air!
A vile comes into view. It is wielding a +0 flail. x3
The wretched soul appears confused.
The vile throws damnation at you.
The sphere of damnation explodes!
The damnation engulfs you!!
Some rock shatters into small pieces.
The destroyer attacks as it pursues you!
The destroyer hits you with a +9 heavy great sword!!!!!
Ouch! That really hurt!
You die...

#.....###)).9..#...W9
#.)))#)))...)..†...9..
#...†.)))#†).)†.)))9W) .....
#...).9)9)#).)†))†oo). ...#
#..†)))))...).).)†.#). ...#
#...).W...#)))).).#)). ...###
#)†.)#...))).)).)†z)..###.....
#....##.)))))@#)...)..._.o....
#...).#..)))#V..))))#....)#...
#..)).)###.†.))))...#_.<)_#...
#.)).)##..))#.)....)#....)#...
#.)..#).).))))#).G.)..._......
#....#..)..)9).....G).###)....
#....)).)..)).)))##.).....o###
#...))...)....9... #9...)..# .
#)..))))))).).).)†)#.....))#..


You could see a destroyer, 2 observers, a sculptor of flesh, a dread, 9 viles, 2
wretched souls and 2 bags of meat.

Vanquished Creatures
  31 molten gargoyles (D)
  48 hell knights (D)
  18 hell beasts (D)
  Edmund (D)
  10 royal mummies (D)
  42 great orbs of eyes (D)
  31 wraiths (D)
  Harold (D)
  33 vampire knights (D)
  50 ogres (D)
  11 two-headed ogres (D)
  14 liches (D)
  37 hydras (D)
  32 phantoms (D)
  137 orcs (D)
  16 skeletal warriors (D)
  36 sea snakes (D)
548 creatures vanquished.

Notes
Turn   | Place    | Note
-------+----------+-------------------------------------------
     0 | D        | Found the +∞ Axe of Woe
     0 | D        | Monkooky the Djinni Warper began the quest for the Orb.
     0 | D        | Monkooky set off with the following spells memorised:
                  | Blink, Lesser Beckoning, Teleport Other, Manifold Assault,
                  | Vhi's Electric Charge.
     0 | D        | Reached XP level 1. HP: 18/18 MP: 0/0
     2 | D        | Noticed a meat berserker
     2 | D        | Noticed a bag of meat
     2 | D        | Noticed a bag of meat
     3 | D        | Noticed a bag of meat
     4 | D        | Noticed a meat berserker
     4 | D        | Became a worshipper of Makhleb the Destroyer
     5 | D        | Noticed a bag of meat
     6 | D        | Killed a meat berserker
     6 | D        | Noticed a bag of meat
     6 | D        | Noticed a bag of meat
     7 | D        | Reached XP level 2. HP: 23/23 MP: 0/0
     7 | D        | Reached XP level 3. HP: 28/28 MP: 0/0
     7 | D        | Learned a level 1 spell: Sting
     7 | D        | Reached XP level 4. HP: 33/33 MP: 0/0
     7 | D        | Reached XP level 5. HP: 38/38 MP: 0/0
     7 | D        | Learned a level 2 spell: Passwall
     7 | D        | Reached XP level 6. HP: 43/43 MP: 0/0
     7 | D        | Reached XP level 7. HP: 49/49 MP: 0/0
     7 | D        | Learned a level 3 spell: Frozen Ramparts
     7 | D        | Reached XP level 8. HP: 54/54 MP: 0/0
     7 | D        | Reached XP level 9. HP: 58/58 MP: 0/0
     7 | D        | Learned a level 4 spell: Flame Wave
     7 | D        | Reached XP level 10. HP: 64/64 MP: 0/0
     7 | D        | Reached XP level 11. HP: 68/68 MP: 0/0
     7 | D        | Learned a level 5 spell: Alistair's Intoxication
     7 | D        | Reached XP level 12. HP: 74/74 MP: 0/0
     8 | D        | Killed a meat berserker
     8 | D        | Reached * piety under Makhleb
     8 | D        | Killed a bag of meat
     8 | D        | Noticed a bag of meat
     8 | D        | Noticed a bag of meat
     9 | D        | Reached XP level 13. HP: 78/78 MP: 0/0
     9 | D        | Learned a level 5 spell: Agony
     9 | D        | Reached XP level 14. HP: 85/85 MP: 0/0
     9 | D        | Noticed a bag of meat
     9 | D        | Noticed a bag of meat
     9 | D        | Killed a bag of meat
     9 | D        | Killed a bag of meat
     9 | D        | Reached ** piety under Makhleb
     9 | D        | Noticed a bag of meat
     9 | D        | Noticed a bag of meat
     9 | D        | Noticed a bag of meat
    10 | D        | Noticed a bag of meat
    10 | D        | Noticed a bag of meat
    10 | D        | Noticed a bag of meat
    10 | D        | Noticed a bag of meat
    10 | D        | Noticed a large bag of meat
    10 | D        | Noticed a bag of meat
    10 | D        | Killed a bag of meat
    10 | D        | Killed a bag of meat
    10 | D        | Killed a bag of meat
    10 | D        | Reached *** piety under Makhleb
    10 | D        | Noticed a meat berserker
    10 | D        | Noticed a meat berserker
    10 | D        | Noticed a bag of meat
    10 | D        | Noticed a meat berserker
    10 | D        | Noticed a meat berserker
    11 | D        | Reached XP level 15. HP: 89/89 MP: 0/0
    11 | D        | Learned a level 6 spell: Dispersal
    11 | D        | Noticed a meat berserker
    12 | D        | Reached XP level 16. HP: 94/94 MP: 0/0
    12 | D        | Reached **** piety under Makhleb
    13 | D        | Reached skill level 27 in Spellcasting
    13 | D        | Reached skill level 27 in Conjurations
    13 | D        | Reached skill level 27 in Hexes
    13 | D        | Reached skill level 27 in Summonings
    13 | D        | Reached skill level 27 in Necromancy
    13 | D        | Reached skill level 27 in Translocations
    13 | D        | Reached skill level 27 in Transmutations
    13 | D        | Reached skill level 27 in Fire Magic
    13 | D        | Reached skill level 27 in Ice Magic
    13 | D        | Reached skill level 27 in Air Magic
    13 | D        | Reached skill level 27 in Earth Magic
    13 | D        | Reached skill level 27 in Poison Magic
    14 | D        | Reached skill level 10 in Fighting
    14 | D        | Reached ***** piety under Makhleb
    15 | D        | Reached XP level 17. HP: 130/130 MP: 0/0
    15 | D        | Learned a level 7 spell: Haunt
    18 | D        | Reached skill level 27 in Axes
    18 | D        | Noticed a large bag of meat
    20 | D        | Killed a meat berserker
    20 | D        | Killed a meat berserker
    21 | D        | Reached skill level 27 in Fighting
    21 | D        | Reached XP level 18. HP: 167/167 MP: 0/0
    21 | D        | Killed a meat berserker
    21 | D        | Reached ****** piety under Makhleb
    21 | D        | Noticed a destroyer
    22 | D        | Reached skill level 5 in Armour
    22 | D        | Reached XP level 19. HP: 174/174 MP: 0/0
    22 | D        | Learned a level 6 spell: Summon Cactus Giant
    23 | D        | Reached skill level 15 in Throwing
    24 | D        | Killed a meat berserker
    25 | D        | Reached XP level 20. HP: 181/181 MP: 0/0
    25 | D        | Noticed a destroyer
    26 | D        | Reached skill level 27 in Dodging
    26 | D        | Noticed a large bag of meat
    27 | D        | Reached skill level 10 in Armour
    27 | D        | Killed a destroyer
    28 | D        | Reached skill level 27 in Throwing
    28 | D        | Reached XP level 21. HP: 187/187 MP: 0/0
    28 | D        | Learned a level 8 spell: Borgnjor's Revivification
    28 | D        | Killed a destroyer
    28 | D        | Noticed a meat berserker
    29 | D        | Reached skill level 27 in Armour
    29 | D        | Noticed an eight-headed meat hydra
    29 | D        | Noticed a meat berserker
    29 | D        | Killed a large bag of meat
    29 | D        | Killed a meat berserker
    30 | D        | Reached XP level 22. HP: 177/194 MP: 0/0
    31 | D        | Noticed a meat berserker
    31 | D        | Killed a large bag of meat
    32 | D        | Noticed a large bag of meat
    34 | D        | Killed a meat berserker
    36 | D        | Killed a nine-headed meat hydra
    36 | D        | Killed a meat berserker
    36 | D        | Killed a large bag of meat
    36 | D        | Noticed a destroyer
    37 | D        | Killed a meat berserker
    38 | D        | Reached skill level 27 in Stealth
    38 | D        | Reached skill level 27 in Invocations
    38 | D        | Reached XP level 23. HP: 200/201 MP: 0/0
    38 | D        | Learned a level 7 spell: Malign Gateway
    38 | D        | Killed a large bag of meat
    40 | D        | Reached skill level 5 in Short Blades
    40 | D        | Reached skill level 5 in Long Blades
    40 | D        | Reached skill level 5 in Maces & Flails
    40 | D        | Reached skill level 5 in Polearms
    40 | D        | Reached skill level 5 in Ranged Weapons
    40 | D        | Reached skill level 5 in Shapeshifting
    40 | D        | Killed a destroyer
    41 | D        | Reached skill level 10 in Shields
    41 | D        | Reached skill level 10 in Unarmed Combat
    41 | D        | Reached skill level 10 in Evocations
    41 | D        | Reached XP level 24. HP: 204/208 MP: 0/0
    41 | D        | Noticed a destroyer
    44 | D        | Killed a destroyer
    45 | D        | Reached skill level 10 in Maces & Flails
    45 | D        | Reached skill level 10 in Polearms
    45 | D        | Reached skill level 10 in Ranged Weapons
    45 | D        | Reached skill level 10 in Shapeshifting
    51 | D        | Noticed a destroyer
    51 | D        | Noticed a tyrant
    51 | D        | Noticed a large bag of meat
    52 | D        | Killed a tyrant
    52 | D        | Killed a destroyer
    53 | D        | Reached skill level 15 in Short Blades
    53 | D        | Reached skill level 15 in Long Blades
    53 | D        | Reached XP level 25. HP: 214/214 MP: 0/0
    53 | D        | Learned a level 9 spell: Death's Door
    53 | D        | Killed a large bag of meat
    53 | D        | Noticed a destroyer
    54 | D        | Reached skill level 15 in Maces & Flails
    54 | D        | Reached skill level 15 in Polearms
    54 | D        | Reached skill level 15 in Ranged Weapons
    54 | D        | Reached skill level 15 in Shapeshifting
    54 | D        | Killed a destroyer
    56 | D        | Reached XP level 26. HP: 221/221 MP: 0/0
    57 | D        | Noticed a destroyer
    57 | D        | Killed a destroyer
    59 | D        | Noticed an accursed
    60 | D        | Killed an accursed
    61 | D        | Reached XP level 27. HP: 228/228 MP: 0/0
    61 | D        | Learned a level 9 spell: Chain Lightning
    61 | D        | Noticed a destroyer
    62 | D        | Killed a destroyer
    62 | D        | Noticed a destroyer
    63 | D        | Killed a destroyer
    64 | D        | Reached skill level 27 in Shields
    64 | D        | Reached skill level 27 in Unarmed Combat
    64 | D        | Reached skill level 27 in Evocations
    68 | D        | Reached skill level 27 in Short Blades
    68 | D        | Reached skill level 27 in Long Blades
    68 | D        | Noticed a large bag of meat
    69 | D        | Killed a large bag of meat
    70 | D        | Reached skill level 27 in Maces & Flails
    70 | D        | Reached skill level 27 in Polearms
    70 | D        | Reached skill level 27 in Ranged Weapons
    70 | D        | Reached skill level 27 in Shapeshifting
    70 | D        | Noticed a destroyer
    71 | D        | Killed a destroyer
    71 | D        | Noticed a large bag of meat
    71 | D        | Noticed a meat beast
    72 | D        | Killed a meat beast
    72 | D        | Killed a large bag of meat
    73 | D        | Reached skill level 27 in Staves
    73 | D        | Noticed a dread
    73 | D        | Killed a dread
    74 | D        | Noticed a meat beast
    75 | D        | Killed a meat beast
    79 | D        | Noticed a destroyer
    80 | D        | Noticed a meat beast
    80 | D        | Killed a meat beast
    80 | D        | Killed a destroyer
    80 | D        | Noticed a large bag of meat
    81 | D        | Killed a large bag of meat
    86 | D        | Noticed a destroyer
    87 | D        | Killed a destroyer
    88 | D        | Noticed an accursed
    88 | D        | Noticed an accursed
    89 | D        | Killed an accursed
    89 | D        | Killed an accursed
    93 | D        | Noticed a destroyer
    93 | D        | Noticed a destroyer
    94 | D        | Killed a destroyer
    94 | D        | Killed a destroyer
    94 | D        | Noticed a destroyer
    95 | D        | Noticed a tyrant
    95 | D        | Killed a destroyer
    95 | D        | Killed a tyrant
   102 | D        | Noticed an accursed
   103 | D        | Killed an accursed
   104 | D        | Noticed an accursed
   105 | D        | Killed an accursed
   108 | D        | Noticed a dread
   108 | D        | Noticed a meat beast
   109 | D        | Noticed a dread
   109 | D        | Killed a dread
   110 | D        | Killed a dread
   110 | D        | Killed a meat beast
   111 | D        | Noticed a dread
   111 | D        | Noticed a destroyer
   112 | D        | Killed a dread
   112 | D        | Killed a destroyer
   113 | D        | Noticed a destroyer
   114 | D        | Killed a destroyer
   114 | D        | Noticed a tyrant
   114 | D        | Noticed a destroyer
   115 | D        | Killed a destroyer
   115 | D        | Killed a tyrant
   117 | D        | Noticed The Defiler
   118 | D        | Killed The Defiler
   119 | D        | Noticed a tyrant
   120 | D        | Killed a tyrant
   120 | D        | Noticed a tyrant
   121 | D        | Killed a tyrant
   122 | D        | Noticed a fleshlord
   123 | D        | Killed a fleshlord
   123 | D        | Noticed a fleshlord
   124 | D        | Killed a fleshlord
   127 | D        | Noticed a fleshlord
   127 | D        | Noticed a fleshlord
   127 | D        | Noticed a dread
   128 | D        | Killed a fleshlord
   128 | D        | Killed a dread
   128 | D        | Killed a fleshlord
   128 | D        | Noticed a fleshlord
   129 | D        | Killed a fleshlord
   129 | D        | Noticed a meat beast
   130 | D        | Killed a meat beast
   130 | D        | Noticed a fleshlord
   130 | D        | Noticed a dread
   131 | D        | Killed a fleshlord
   131 | D        | Killed a dread
   131 | D        | Noticed a meat beast
   132 | D        | Killed a meat beast
   134 | D        | Noticed a dread
   135 | D        | Killed a dread
   135 | D        | Noticed a tyrant
   136 | D        | Killed a tyrant
   136 | D        | Noticed a fleshlord
   137 | D        | Killed a fleshlord
   137 | D        | Noticed a fleshlord
   138 | D        | Killed a fleshlord
   139 | D        | Noticed a fleshlord
   139 | D        | Killed a fleshlord
   140 | D        | Noticed a dread
   141 | D        | Killed a dread
   141 | D        | Noticed a fleshlord
   141 | D        | Noticed a dread
   142 | D        | Killed a dread
   143 | D        | Killed a fleshlord
   143 | D        | Noticed a destroyer
   144 | D        | Killed a destroyer
   144 | D        | Noticed a fleshlord
   145 | D        | Killed a fleshlord
   146 | D        | Noticed a meat beast
   147 | D        | Killed a meat beast
   150 | D        | Noticed a large bag of meat
   150 | D        | Noticed a fleshlord
   151 | D        | Killed a fleshlord
   151 | D        | Noticed a dread
   152 | D        | Killed a dread
   157 | D        | Noticed a dread
   157 | D        | Killed a dread
   157 | D        | Noticed a destroyer
   158 | D        | Killed a destroyer
   159 | D        | Noticed a fleshlord
   160 | D        | Killed a fleshlord
   161 | D        | Noticed a dread
   162 | D        | Killed a dread
   162 | D        | Noticed a meat beast
   163 | D        | Noticed a fleshlord
   163 | D        | Noticed a destroyer
   163 | D        | Noticed a fleshlord
   163 | D        | Noticed a fleshlord
   163 | D        | Noticed a fleshlord
   164 | D        | Killed a fleshlord
   164 | D        | Killed a fleshlord
   164 | D        | Noticed a meat beast
   165 | D        | Noticed a meat beast
   165 | D        | Killed a fleshlord
   165 | D        | Killed a destroyer
   165 | D        | Killed a fleshlord
   166 | D        | Killed a meat beast
   166 | D        | Killed a meat beast
   166 | D        | Noticed a fleshlord
   167 | D        | Noticed a fleshlord
   168 | D        | Killed a meat beast
   168 | D        | Noticed a tyrant
   169 | D        | Killed a fleshlord
   169 | D        | Killed a tyrant
   169 | D        | Noticed a destroyer
   170 | D        | Killed a destroyer
   172 | D        | Noticed a dread
   172 | D        | Noticed a tyrant
   172 | D        | Noticed a destroyer
   173 | D        | Killed a destroyer
   173 | D        | Killed a dread
   173 | D        | Killed a fleshlord
   174 | D        | Killed a tyrant
   174 | D        | Noticed a fleshlord
   175 | D        | Killed a fleshlord
   175 | D        | Noticed a dread
   176 | D        | Killed a dread
   176 | D        | Noticed a meat beast
   177 | D        | Killed a meat beast
   179 | D        | Noticed a tyrant
   180 | D        | Killed a large bag of meat
   181 | D        | Noticed a fleshlord
   181 | D        | Killed a fleshlord
   181 | D        | Killed a tyrant
   183 | D        | Noticed an accursed
   184 | D        | Killed an accursed
   184 | D        | Noticed a dread
   185 | D        | Noticed a fleshlord
   185 | D        | Killed a fleshlord
   185 | D        | Killed a dread
   185 | D        | Noticed a dread
   186 | D        | Killed a dread
   188 | D        | Noticed a destroyer
   188 | D        | Noticed a destroyer
   189 | D        | Killed a destroyer
   189 | D        | Killed a destroyer
   189 | D        | Noticed an accursed
   190 | D        | Killed an accursed
   191 | D        | Noticed a fleshlord
   191 | D        | Noticed a meat beast
   192 | D        | Noticed a fleshlord
   192 | D        | Killed a fleshlord
   192 | D        | Killed a fleshlord
   192 | D        | Noticed a fleshlord
   192 | D        | Noticed a fleshlord
   193 | D        | Killed a fleshlord
   193 | D        | Killed a fleshlord
   193 | D        | Killed a meat beast
   195 | D        | Noticed a fleshlord
   195 | D        | Noticed a fleshlord
   195 | D        | Noticed a fleshlord
   196 | D        | Killed a fleshlord
   196 | D        | Killed a fleshlord
   196 | D        | Killed a fleshlord
   197 | D        | Noticed a destroyer
   197 | D        | Noticed a destroyer
   198 | D        | Noticed an accursed
   199 | D        | Killed an accursed
   199 | D        | Noticed a destroyer
   200 | D        | Killed a destroyer
   200 | D        | Killed a destroyer
   200 | D        | Noticed a fleshlord
   200 | D        | Noticed a dread
   201 | D        | Killed a fleshlord
   201 | D        | Killed a dread
   201 | D        | Noticed a tyrant
   201 | D        | Noticed a dread
   202 | D        | Noticed a fleshlord
   202 | D        | Killed a fleshlord
   202 | D        | Killed a tyrant
   202 | D        | Killed a dread
   207 | D        | Noticed a dread
   207 | D        | Noticed a destroyer
   207 | D        | Noticed a destroyer
   209 | D        | Killed a dread
   210 | D        | Killed a destroyer
   213 | D        | Killed a destroyer
   214 | D        | Noticed a vile
   214 | D        | Killed a vile
   214 | D        | Noticed a meat beast
   214 | D        | Noticed a fleshlord
   214 | D        | Noticed a fleshlord
   214 | D        | Noticed a tyrant
   215 | D        | Killed a fleshlord
   215 | D        | Killed a tyrant
   215 | D        | Noticed a tyrant
   215 | D        | Noticed a dread
   216 | D        | Killed a meat beast
   216 | D        | Killed a tyrant
   216 | D        | Killed a dread
   218 | D        | Killed a fleshlord
   218 | D        | Noticed a fleshlord
   218 | D        | Noticed a large bag of meat
   218 | D        | Noticed a vile
   218 | D        | Noticed a vile
   219 | D        | Killed a large bag of meat
   219 | D        | Killed a vile
   219 | D        | Noticed a dread
   219 | D        | Noticed a vile
   220 | D        | Killed a vile
   220 | D        | Killed a dread
   220 | D        | Killed a fleshlord
   220 | D        | Killed a vile
   223 | D        | Killed a destroyer
   224 | D        | Noticed a vile
   224 | D        | Noticed a dread
   225 | D        | Killed a vile
   225 | D        | Killed a dread
   225 | D        | Noticed a fleshlord
   226 | D        | Noticed a vile
   226 | D        | Killed a vile
   226 | D        | Killed a fleshlord
   227 | D        | Noticed a vile
   228 | D        | Killed a vile
   230 | D        | Noticed a vile
   231 | D        | Killed a vile
   232 | D        | Noticed a dread
   232 | D        | Killed a dread
   232 | D        | Noticed a dread
   233 | D        | Killed a dread
   234 | D        | Noticed a fleshlord
   234 | D        | Noticed a vile
   235 | D        | Killed a vile
   235 | D        | Killed a fleshlord
   235 | D        | Noticed a fleshlord
   236 | D        | Killed a fleshlord
   237 | D        | Noticed a vile
   238 | D        | Killed a vile
   238 | D        | Noticed a tyrant
   239 | D        | Killed a tyrant
   241 | D        | Noticed a fleshlord
   241 | D        | Noticed a tyrant
   241 | D        | Noticed a vile
   241 | D        | Noticed a dread
   242 | D        | Noticed a fleshlord
   242 | D        | Killed a dread
   242 | D        | Killed a fleshlord
   242 | D        | Killed a vile
   243 | D        | Killed a tyrant
   243 | D        | Killed a fleshlord
   243 | D        | Noticed The Servant
   243 | D        | Noticed a fleshlord
   243 | D        | Noticed a fleshlord
   244 | D        | Killed The Servant
   244 | D        | Killed a fleshlord
   244 | D        | Noticed a dread
   245 | D        | Killed a fleshlord
   245 | D        | Killed a dread
   246 | D        | Noticed a vile
   246 | D        | Noticed a destroyer
   246 | D        | Noticed a fleshlord
   247 | D        | Killed a fleshlord
   247 | D        | Killed a destroyer
   247 | D        | Noticed a fleshlord
   247 | D        | Noticed a meat beast
   247 | D        | Noticed a vile
   248 | D        | Killed a meat beast
   248 | D        | Killed a vile
   248 | D        | Killed a fleshlord
   249 | D        | Noticed a meat beast
   249 | D        | Noticed a meat beast
   250 | D        | Killed a meat beast
   251 | D        | Killed a vile
   251 | D        | Noticed a dread
   252 | D        | Killed a dread
   252 | D        | Noticed a meat beast
   252 | D        | Noticed a vile
   253 | D        | Killed a vile
   253 | D        | Killed a meat beast
   253 | D        | Noticed a fleshlord
   253 | D        | Noticed an accursed
   254 | D        | Killed an accursed
   254 | D        | Killed a fleshlord
   254 | D        | Killed a meat beast
   254 | D        | Noticed a vile
   254 | D        | Noticed a fleshlord
   255 | D        | Killed a vile
   255 | D        | Killed a fleshlord
   255 | D        | Noticed a large bag of meat
   256 | D        | Killed a large bag of meat
   257 | D        | Noticed a dread
   257 | D        | Noticed a fleshlord
   257 | D        | Noticed a meat beast
   258 | D        | Killed a fleshlord
   258 | D        | Killed a meat beast
   259 | D        | Killed a dread
   259 | D        | Noticed a destroyer
   259 | D        | Noticed a destroyer
   260 | D        | Noticed a vile
   260 | D        | Killed a destroyer
   261 | D        | Killed a destroyer
   261 | D        | Killed a vile
   262 | D        | Noticed a vile
   262 | D        | Noticed a vile
   262 | D        | Killed a vile
   262 | D        | Killed a vile
   262 | D        | Noticed a dread
   263 | D        | Killed a dread
   263 | D        | Noticed a vile
   263 | D        | Noticed a dread
   264 | D        | Noticed a vile
   264 | D        | Killed a dread
   264 | D        | Killed a vile
   264 | D        | Killed a vile
   264 | D        | Noticed a vile
   264 | D        | Noticed a dread
   264 | D        | Noticed a vile
   264 | D        | Noticed an accursed
   265 | D        | Killed a vile
   265 | D        | Killed a dread
   265 | D        | Killed a vile
   266 | D        | Killed an accursed
   266 | D        | Noticed a fleshlord
   267 | D        | Killed a fleshlord
   268 | D        | Noticed a vile
   268 | D        | Killed a vile
   268 | D        | Noticed a vile
   268 | D        | Noticed a vile
   268 | D        | Noticed a fleshlord
   268 | D        | Noticed a vile
   268 | D        | Noticed a vile
   269 | D        | Noticed a vile
   269 | D        | Killed a vile
   269 | D        | Killed a vile
   269 | D        | Killed a fleshlord
   269 | D        | Killed a vile
   269 | D        | Noticed a vile
   270 | D        | Killed a vile
   270 | D        | Killed a vile
   270 | D        | Killed a vile
   271 | D        | Noticed a vile
   271 | D        | Killed a vile
   272 | D        | Noticed a vile
   272 | D        | Noticed a vile
   273 | D        | Killed a vile
   273 | D        | Noticed a vile
   274 | D        | Noticed a destroyer
   274 | D        | Noticed a vile
   274 | D        | Noticed a dread
   275 | D        | Noticed a vile
   275 | D        | Noticed a vile
   275 | D        | Noticed a vile
   275 | D        | Noticed a vile
   275 | D        | Annihilated by a destroyer

Illustrated notes

Levels and vault maps discovered:
D:        meatsprint

Skill      XL: |  1  2  3  4  5  6  7  8  9 10 11 12 13 14 15 16 17 18 19 20 21 22 23 24 25 26 27 |
---------------+----------------------------------------------------------------------------------+-----
Axes           | 24 26 27 | 27.0
Spellcasting   | 16 23 26 27 | 27.0
Conjurations   | 16 23 26 27 | 27.0
Hexes          | 16 23 26 27 | 27.0
Summonings     | 16 23 26 27 | 27.0
Necromancy     | 16 23 26 27 | 27.0
Translocations | 16 23 26 27 | 27.0
Transmutations | 16 23 26 27 | 27.0
Fire Magic     | 16 23 26 27 | 27.0
Ice Magic      | 16 23 26 27 | 27.0
Air Magic      | 16 23 26 27 | 27.0
Earth Magic    | 16 23 26 27 | 27.0
Poison Magic   | 16 23 26 27 | 27.0
Fighting       | 14 27 | 27.0
Throwing       | 9 14 20 27 | 27.0
Armour         | 3 5 8 21 27 | 27.0
Dodging        | 12 18 26 27 | 27.0
Stealth        | 14 27 | 27.0
Invocations    | 16 27 | 27.0
Short Blades   | 9 15 18 22 27 | 27.0
Long Blades    | 9 15 18 22 27 | 27.0
Maces & Flails | 9 14 16 20 27 | 27.0
Polearms       | 9 14 16 20 27 | 27.0
Ranged Weapons | 9 14 16 20 27 | 27.0
Shields        | 10 16 19 23 27 | 27.0
Unarmed Combat | 10 16 19 23 27 | 27.0
Evocations     | 10 16 19 23 27 | 27.0
Shapeshifting  | 9 14 16 20 27 | 27.0
Staves         | 27 | 27.0

Action                     |  1- 3 |  4- 6 |  7- 9 | 10-12 | 13-15 | 16-18 | 19-21 | 22-24 | 25-27 || total
---------------------------+-------+-------+-------+-------+-------+-------+-------+-------+-------++-------
  Melee: Executioner's axe |     1 |       |       |     1 |     3 |     7 |     8 |    21 |   476 ||   517
   Cast: Vhi's Electric Ch |       |       |       |       |     3 |     3 |       |     2 |     1 ||     9
         Manifold Assault  |       |       |       |       |       |       |       |     4 |   191 ||   195
    Use: Potion            |       |       |       |       |       |       |       |       |     1 ||     1
 Armour: Leather armour    |       |       |       |       |       |       |     2 |    14 |     4 ||    20
  Dodge: Dodged            |       |       |       |     1 |       |       |       |       |     2 ||     3

Table legend: (Time is in decaauts)
 A = Elapsed time spent in this place.
 B = Non-inter-level travel time spent in this place.
 C = Inter-level travel time spent in this place.
 D = Time resting spent in this place.
 E = Time spent auto-exploring this place.
 F = Levels seen in this place.
 G = Mean time per level.
                   A        B        C        D        E       F      G
               +--------+--------+--------+--------+--------+-----+--------+
         Total |    235 |    235 |      0 |      0 |      0 |   1 |  235.0 |
       Dungeon |    235 |    235 |      0 |      0 |      0 |   1 |  235.0 |
               +--------+--------+--------+--------+--------+-----+--------+

Top non-repeatable levels by time:
       D: 235 daAuts
